 Dungeon Crawl Stone Soup version 0.30.0-10-gfe55d96785 (webtiles) character file.

Game seed: 8788391569670611135

11 monsoonserge the Slasher (level 2, 26/26 HPs)
             Began as a Meteoran Monk on May 16, 2023.
             Was a Believer of Cheibriados.
             Quit the game on level 1 of the Dungeon.
             The game lasted 00:01:11 (134 turns).

monsoonserge the Slasher (Meteoran Monk)             Turns: 134, Time: 00:01:12

Health: 26/26      AC:  2    Str: 18    XL:     2   Next: 52%
Magic:  3/3        EV: 14    Int: 17    God:    Cheibriados [**....]
Gold:   14         SH:  0    Dex: 22    Spells: 1/1 levels left

rFire   . . .        a - +0 falchion
rCold   . . .        d - orb {light}
rNeg    . . .        b - +0 robe
rPois   .            (no helmet)
rElec   .            (no cloak)
rCorr   .            (no gloves)
SInv    .            (no boots)
Will    .....        (no amulet)
Stlth   +            (no ring)
HPRegen 0.24/turn    (no ring)
MPRegen 0.08/turn

%: no passive effects
@: glowing, very slow
A: sense surroundings 1, otherworldly, glowing, explore regen
a: Renounce Religion, Bend Time


You were on level 1 of the Dungeon.
You worshipped Cheibriados.
Cheibriados was pleased with you.
You visited 1 branch of the dungeon, and saw 2 of its levels.

You collected 14 gold pieces.

Inventory:

Hand Weapons
 a - a +0 falchion (weapon)
Missiles
 f - 5 javelins (quivered)
Armour
 b - a +0 robe (worn)
 d - an orb of light (worn)
Scrolls
 g - a scroll of teleportation {unknown}
Potions
 c - a potion of ambrosia
 e - a potion of resistance {unknown}


   Skills:
 + Level 3.5 Fighting
 + Level 3.9 Long Blades
 + Level 3.9 Dodging


You had one spell level left.
You didn't know any spells.
Your spell library was empty.

Dungeon Overview and Level Annotations

Branches:
Dungeon (2/15) Zot: 1596

Altars:
Cheibriados


Innate Abilities, Weirdness & Mutations

You passively map a small area around you.
You are easily found by Zot.
You glow in the dark.
You regain HP and MP as you explore.


Message History

There is a stone staircase leading up here.
You barely miss the goblin. The goblin hits you with a +0 dagger.
You closely miss the goblin. The goblin barely misses you.
You slash the goblin!
You kill the goblin!
No target in view!
Things that are here:
a +0 dagger; a goblin corpse
Found 3 gold pieces.
Found 14 gold pieces.
You now have 14 gold pieces.
There are no items here.
A goblin comes into view. It is wielding a +0 club.
The goblin shouts!
The goblin closely misses you.
You slash the goblin!
You kill the goblin!
Found an escape hatch in the ceiling.
There is an escape hatch in the ceiling here.
A mysterious force pulls you upwards. The hatch slams shut behind you.
A ball python comes into view.
The ball python hisses angrily.
You hit the ball python.
You kill the ball python!
No target in view!
Found a faded altar of an unknown god.
There is a faded altar of an unknown god here.
This altar belongs to (a) Cheibriados, (b) Ashenzari or (c) Jiyva, but you can't tell which.
Press the corresponding letter to learn more about a god, or press enter to convert or escape to cancel.
Okay, then.
This altar belongs to (a) Cheibriados, (b) Ashenzari or (c) Jiyva, but you can't tell which.
Press the corresponding letter to learn more about a god, or press enter to convert or escape to cancel.
Cheibriados accepts your prayer! Cheibriados welcomes you!
You can now bend time to slow others.
Cheibriados raises the support of your attributes as your movement slows. x3
Cheibriados begins to support your attributes as your movement slows.
Cheibriados is now slowing the effects of poison on you.
Cheibriados raises the support of your attributes as your movement slows. x2
Are you sure you want to abandon this character and quit the game? (Confirm with "yes".)
Okay, then.
Are you sure you want to abandon this character and quit the game? (Confirm with "yes".)

.####.# , , *
.####.. ..#...##
...#####..##...# ,
....# #..###...##
, *
.#..###..#.#....#
................##
.#...............#
,*
##.....#.........#
##.....#..#.....@#
*
##...............#
#.......#..#....#
,
##..........#...##
,
#.........###...#
#.......#..#...##
..####....##...#
.. .....##....# *
, #* ####..#*, , *


There were no monsters in sight!

Vanquished Creatures
  3 ball pythons (D:1)
  An endoplasm (D:1)
  4 goblins
  A kobold (D:1)
9 creatures vanquished.

Notes
Turn   | Place    | Note
-------+----------+-------------------------------------------
     0 | D:1      | monsoonserge the Meteoran Monk began the quest for the Orb.
     0 | D:1      | Reached XP level 1. HP: 19/19 MP: 2/2
    34 | D:1      | Reached XP level 2. HP: 26/26 MP: 3/3
   125 | D:1      | Found a faded altar of an unknown god.
   133 | D:1      | Prayed at the altar of an unknown god.
   133 | D:1      | Became a worshipper of Cheibriados the Contemplative
   133 | D:1      | Reached * piety under Cheibriados
   133 | D:1      | Reached ** piety under Cheibriados
   134 | D:1      | Quit the game

Illustrated notes

Levels and vault maps discovered:
D:1:      tarquinn_simple_flora_water_c, layout_rooms,
          hellmonk_ecumenical_altar_zigzags
D:2:      layout_loops_ring, nicolae_eternal_life, minmay_nonomino_d4

Action                     || total
---------------------------++-------
  Melee: Falchion          ||    19
 Armour: Robe              ||     2
  Dodge: Dodged            ||     8
